 Dungeon Crawl Stone Soup version 0.31-a0-164-g2312942fda (webtiles) character file.

Game seed: 11451850923973717632

5829 olmar the Nimble (level 10, -4/79 HPs)
             Began as a Gnoll Warper on June 13, 2023.
             Was a Priest of Cheibriados.
             Slain by a cyclops (28 damage)
             ... on level 8 of the Dungeon.
             The game lasted 00:17:28 (8909 turns).

olmar the Nimble (Gnoll Warper)                     Turns: 8909, Time: 00:17:28

Health: -4/79      AC: 10    Str: 18    XL:     10   Next: 80%
Magic:  6/21       EV: 18    Int: 31    God:    Cheibriados [***...]
Gold:   820        SH:  0    Dex: 20    Spells: 3/24 levels left

rFire   . . .        N - +4 rapier (flame)
rCold   . . .        (no shield)
rNeg    . . .        B - +3 leather armour {rPois}
rPois   +            (no helmet)
rElec   .            (no cloak)
rCorr   .            i - +0 pair of gloves
SInv    .            M - +1 pair of boots
Will    .....        C - amulet of regeneration
Stlth   +++          m - +6 ring of intelligence
HPRegen 1.13/turn    q - ring of wizardry
MPRegen 0.17/turn

%: wizardry (x1)
@: studying Dodging, very slow
A: fangs 1, strong nose, distributed training
a: Renounce Religion, Bend Time, Temporal Distortion


You were on level 8 of the Dungeon.
You worshipped Cheibriados.
Cheibriados was most pleased with you.
You visited 1 branch of the dungeon, and saw 8 of its levels.

You collected 820 gold pieces.

Inventory:

Hand Weapons
 a - a +0 mace
 f - a +0 sling
 o - a +1 dagger of draining
 r - a +2 dagger of holy wrath
 L - the +0 rapier of the Fulmar {venom, rC+ rN+ Will- Dex+3}
   (You found it on level 7 of the Dungeon)

   Dex:       It affects your dexterity (+3).
   rC:        It protects you from cold.
   rN:        It protects you from negative energy.
   Will:      It decreases your willpower.
 N - a +4 rapier of flaming (weapon)
Missiles
 d - 7 boomerangs of dispersal
 z - 3 poisoned darts
 E - a boomerang (quivered)
 H - a throwing net
Armour
 b - a +0 leather armour
 i - a +0 pair of gloves (worn)
 s - a +0 helmet
 y - the +0 ring mail "Raycuyly" {rC+++}
   (You found it on level 4 of the Dungeon)

   rC:        It renders you almost immune to cold.
 B - a +3 leather armour of poison resistance (worn)
 M - a +1 pair of boots (worn)
Jewellery
 m - a +6 ring of intelligence (left hand)
 p - an amulet of magic regeneration
 q - a ring of wizardry (right hand)
 C - an amulet of regeneration (around neck)
Wands
 I - a wand of acid (5)
Scrolls
 c - 3 scrolls of blinking
 k - a scroll of vulnerability {unknown}
 l - a scroll of silence {unknown}
 t - 2 scrolls of noise
 u - a scroll of torment {unknown}
 x - 2 scrolls of poison
 A - 2 scrolls of fog {unknown}
 D - 2 scrolls of enchant weapon {unknown}
 F - a scroll of enchant armour {unknown}
 G - a scroll of revelation {unknown}
 O - a scroll of immolation {unknown}
Potions
 e - 4 potions of attraction
 g - 2 potions of brilliance
 h - a potion of curing
 j - a potion of magic
 n - 2 potions of enlightenment {unknown}
 v - 2 potions of heal wounds {unknown}
 w - a potion of haste {unknown}
 J - 2 potions of degeneration {unknown}
 K - a potion of mutation {unknown}
 P - a potion of resistance {unknown}


   Skills:
 + Level 7.5 Fighting
 + Level 5.8 Short Blades
 + Level 5.8 Long Blades
 + Level 5.8 Axes
 + Level 7.5 Maces & Flails
 + Level 5.8 Polearms
 + Level 5.8 Staves
 + Level 5.8 Ranged Weapons
 + Level 6.4 Throwing
 + Level 6.4 Armour
 + Level 9.2 Dodging
 + Level 5.8 Stealth
 + Level 5.8 Shields
 + Level 5.8 Unarmed Combat
 + Level 7.8 Spellcasting
 + Level 4.8 Conjurations
 + Level 4.8 Hexes
 + Level 4.8 Summonings
 + Level 4.8 Necromancy
 + Level 7.4 Translocations
 + Level 4.8 Transmutations
 + Level 4.8 Fire Magic
 + Level 4.8 Ice Magic
 + Level 4.8 Air Magic
 + Level 4.8 Earth Magic
 + Level 4.8 Poison Magic
 + Level 6.4 Invocations
 + Level 5.8 Evocations


You had 3 spell levels left.
You knew the following spells:

 Your Spells              Type           Power      Damage    Failure   Level
a - Blink                 Tloc           100%       N/A       1%          2
b - Vhi's Electric Charg  Tloc/Air       100%       N/A       1%          3
c - Manifold Assault      Tloc           55%        N/A       1%          4
d - Sandblast             Erth           84%        2d18      1%          1
e - Stone Arrow           Conj/Erth      84%        3d12      1%          3
f - Passwall              Tmut/Erth      35%        N/A       1%          2
g - Vampiric Draining     Necr           42%        2d9       1%          3
h - Volatile Blastmotes   Fire/Tloc      100%       2d18      1%          3

Your spell library contained the following spells:

 Spells                   Type           Power      Damage    Failure   Level
 Apportation              Tloc           100%       N/A       1%          1
 Necrotise                Necr           100%       1d9       1%          1
 Lesser Beckoning         Tloc           100%       N/A       1%          2
 Teleport Other           Tloc           55%        N/A       1%          3
 Iskenderun's Mystic Bla  Conj/Tloc      50%        2d11      1%          4
 Fulminant Prism          Conj/Hex       21%        3d12      2%          4
 Agony                    Necr           42%        N/A       8%          5
 Alistair's Intoxication  Tmut/Pois      28%        N/A       8%          5
 Lee's Rapid Deconstruct  Erth           21%        3d12*     8%          5


Dungeon Overview and Level Annotations

Branches:
Dungeon (8/15)             Temple (0/1) D:7
   Lair: D:8-11

Altars:
Cheibriados
Gozag
Hepliaklqana
Kikubaaqudgha
Okawaru
Wu Jian
Yredelemnul
Zin

Annotations:
D:1 1 runed translucent door, Terence


Innate Abilities, Weirdness & Mutations

You have very sharp teeth.
Your uncanny sense of smell can sniff out nearby items.
Your experience applies equally to all skills.


Message History

You draw life force from the deep elf pyromancer!
You feel life coursing into your body.
The centaur warrior hits you but does no damage.
The centaur warrior kicks you but does no damage.
The deep elf pyromancer mumbles some strange words.
The deep elf pyromancer blinks!
The centaur warrior completely misses you.
The centaur warrior kicks you but does no damage.
Unknown command.
Casting: Vampiric Draining (safe; 1% risk of failure)
Confirm with . or Enter, or press ? or * to list all spells.
Aiming: Vampiric Draining (safe; 1% risk of failure)
Press: ? - help, Shift-Dir - straight line, f - centaur warrior
Aim: a centaur warrior You draw life force from the centaur warrior.
You feel life coursing into your body. The centaur warrior closely misses you.
The centaur warrior kicks you but does no damage.
Unknown command.
Casting: Vampiric Draining (safe; 1% risk of failure)
Confirm with . or Enter, or press ? or * to list all spells.
Aiming: Vampiric Draining (safe; 1% risk of failure)
Press: ? - help, Shift-Dir - straight line, f/p - centaur warrior
Aim: a centaur warrior (lightly wounded)
You draw life force from the centaur warrior.
You feel life coursing into your body.
The centaur warrior hits you but does no damage.
The centaur warrior kicks you but does no damage.
The cyclops hits you!!
The centaur warrior hits you but does no damage.
The centaur warrior completely misses you.
Casting: Vampiric Draining (safe; 1% risk of failure)
Confirm with . or Enter, or press ? or * to list all spells.
Okay, then.
Okay, then.
The air fills with toxic fumes!
As you read the scroll of poison, it crumbles to dust.
The deep elf pyromancer gestures wildly while chanting.
The deep elf pyromancer blinks!
The centaur warrior hits you. The centaur warrior kicks you.
The cyclops hits you!!
You die...

#.# #......)...#)## ##.## #
#.#####......)....## ##.# #
#.............##.#.## ##.##
###.#####<.#######.##.###.##
...........# #.###.#.##
###......### #.# ##.## #
######## #<# ### # #. ∆
###§### ########.e###
#@§§§§#
......####c..###Cc§§§####
..###....#.c.e..T§§§§§§§.
...#######.C.###§§§§§###
....# #.T### #e§§§§# ....#
#. ∆ ###§##### ..#.# #§§...#
# .##.# #####.#.# ### ###.#
#.#.# #..


You could see a centaur warrior, a cyclops, a deep elf pyromancer and a troll.

Vanquished Creatures
  A two-headed ogre (D:8)
  Pikel (D:8)
  A manticore (D:7)
  Psyche (D:8)
  A troll (D:7)
  A hornet (D:8)
  A wyvern (D:7)
  2 steam dragons
  A water moccasin (D:8)
  4 orc warriors
  2 black bears
  2 ice beasts
  3 ogres
  2 centaurs (D:7)
  3 lemures (D:8)
  2 bullfrogs
  2 scorpions (D:5)
  4 wights
  5 killer bees
  7 howler monkeys
  3 jellies
  2 hounds
  2 sleepcaps (D:5)
  11 orc priests
  3 iguanas
  Ijyb (D:4)
  12 orc wizards
  Robin (D:3)
  4 gnolls (D:4)
  4 adders
  An ufetubus (D:6)
  3 worms
  2 dart slugs
  31 orcs
  10 endoplasms
  2 giant cockroaches (D:1)
  18 goblins
  11 hobgoblins
  5 quokkas
  11 ball pythons
  9 bats
  2 frilled lizards (D:1)
  6 kobolds
  10 rats
210 creatures vanquished.

Vanquished Creatures (others)
  3 orc wizards (D:7)
  An orc (D:7)
4 creatures vanquished.

Grand Total: 214 creatures vanquished

Notes
Turn   | Place    | Note
-------+----------+-------------------------------------------
     0 | D:1      | olmar the Gnoll Warper began the quest for the Orb.
     0 | D:1      | Reached XP level 1. HP: 20/20 MP: 6/6
     1 | D:1      | Found a runed translucent door.
     2 | D:1      | You fall into a shaft and drop 1 floor!
   150 | D:2      | Reached XP level 2. HP: 22/26 MP: 7/7
   338 | D:2      | Reached skill level 5 in Spellcasting
   338 | D:2      | Reached XP level 3. HP: 24/31 MP: 7/9
   492 | D:1      | Reached skill level 1 in Invocations
   674 | D:1      | Reached skill level 1 in Short Blades
   674 | D:1      | Reached skill level 1 in Long Blades
   674 | D:1      | Reached skill level 1 in Axes
   674 | D:1      | Reached skill level 1 in Polearms
   674 | D:1      | Reached skill level 1 in Staves
   674 | D:1      | Reached skill level 1 in Ranged Weapons
   674 | D:1      | Reached skill level 1 in Stealth
   674 | D:1      | Reached skill level 1 in Shields
   674 | D:1      | Reached skill level 1 in Unarmed Combat
   674 | D:1      | Reached skill level 1 in Evocations
   925 | D:1      | Reached XP level 4. HP: 35/38 MP: 11/11
  1044 | D:2      | Noticed Terence
  1103 | D:2      | Learned a level 2 spell: Blink
  1199 | D:1      | Learned a level 3 spell: Vhi's Electric Charge
  1204 | D:1      | Learned a level 4 spell: Manifold Assault
  1405 | D:2      | Found an ancient bone altar of Kikubaaqudgha.
  1438 | D:2      | Learned a level 1 spell: Sandblast
  1938 | D:3      | Reached skill level 1 in Conjurations
  1938 | D:3      | Reached skill level 1 in Hexes
  1938 | D:3      | Reached skill level 1 in Summonings
  1938 | D:3      | Reached skill level 1 in Necromancy
  1938 | D:3      | Reached skill level 1 in Transmutations
  1938 | D:3      | Reached skill level 1 in Fire Magic
  1938 | D:3      | Reached skill level 1 in Ice Magic
  1938 | D:3      | Reached skill level 1 in Air Magic
  1938 | D:3      | Reached skill level 1 in Earth Magic
  1938 | D:3      | Reached skill level 1 in Poison Magic
  1943 | D:3      | Noticed Robin
  1964 | D:3      | Killed Robin
  2114 | D:3      | Noticed an ogre
  2163 | D:2      | Learned a level 3 spell: Stone Arrow
  2418 | D:3      | Noticed an ogre
  2428 | D:3      | Killed an ogre
  2429 | D:3      | Reached XP level 5. HP: 41/43 MP: 4/12
  2629 | D:3      | Killed an ogre
  2630 | D:3      | Reached skill level 5 in Fighting
  2630 | D:3      | Reached skill level 5 in Maces & Flails
  2630 | D:3      | Reached skill level 5 in Dodging
  2630 | D:3      | Reached XP level 6. HP: 51/51 MP: 14/14
  2946 | D:4      | Found a basalt altar of Yredelemnul.
  3024 | D:4      | Noticed a black bear
  3037 | D:4      | Killed a black bear
  3095 | D:4      | Identified the +0 ring mail "Raycuyly" {rC+++}
  3300 | D:4      | Reached XP level 7. HP: 49/56 MP: 15/15
  3510 | D:4      | Noticed Ijyb
  3538 | D:4      | Killed Ijyb
  3693 | D:4      | Learned a level 2 spell: Passwall
  3958 | D:5      | Entered Level 5 of the Dungeon
  4052 | D:5      | Found a snail-covered altar of Cheibriados.
  4055 | D:5      | Found an ornate altar of the Wu Jian Council.
  4061 | D:5      | Became a worshipper of Cheibriados the Contemplative
  4067 | D:5      | Found an opulent altar of Gozag.
  4070 | D:5      | Found a hazy altar of Hepliaklqana.
  4440 | D:5      | Reached XP level 8. HP: 63/63 MP: 10/16
  4747 | D:5      | Reached skill level 6 in Dodging
  5245 | D:5      | Reached * piety under Cheibriados
  5811 | D:6      | Found an ancient bone altar of Kikubaaqudgha.
  5880 | D:6      | Learned a level 3 spell: Vampiric Draining
  5970 | D:6      | Reached XP level 9. HP: 69/69 MP: 14/18
  6438 | D:7      | Found a glowing silver altar of Zin.
  6470 | D:7      | Reached skill level 7 in Dodging
  6516 | D:7      | Reached skill level 5 in Throwing
  6516 | D:7      | Reached skill level 5 in Armour
  6647 | D:7      | Found an iron altar of Okawaru.
  6661 | D:7      | Found a staircase to the Ecumenical Temple.
  6775 | D:7      | Noticed a troll
  6796 | D:7      | Reached ** piety under Cheibriados
  7031 | D:7      | Reached skill level 5 in Invocations
  7286 | D:7      | Killed a troll
  7596 | D:7      | Identified the +0 rapier of the Fulmar {venom, rC+ rN+
                  | Will- Dex+3}
  7605 | D:7      | Reached skill level 8 in Dodging
  7617 | D:7      | Noticed a manticore
  7670 | D:7      | Learned a level 3 spell: Volatile Blastmotes
  7694 | D:7      | Reached skill level 5 in Short Blades
  7694 | D:7      | Reached skill level 5 in Long Blades
  7694 | D:7      | Reached skill level 5 in Axes
  7694 | D:7      | Reached skill level 5 in Polearms
  7694 | D:7      | Reached skill level 5 in Staves
  7694 | D:7      | Reached skill level 5 in Ranged Weapons
  7694 | D:7      | Reached skill level 5 in Stealth
  7694 | D:7      | Reached skill level 5 in Shields
  7694 | D:7      | Reached skill level 5 in Unarmed Combat
  7694 | D:7      | Reached skill level 5 in Evocations
  7694 | D:7      | Reached XP level 10. HP: 74/77 MP: 15/20
  7710 | D:7      | Killed a manticore
  7993 | D:8      | Reached *** piety under Cheibriados
  8133 | D:8      | Noticed Pikel
  8313 | D:8      | Killed Pikel
  8373 | D:8      | Noticed Psyche
  8429 | D:8      | Killed Psyche
  8507 | D:8      | Reached skill level 9 in Dodging
  8633 | D:8      | Noticed a two-headed ogre
  8643 | D:8      | Killed a two-headed ogre
  8792 | D:8      | Noticed a centaur warrior
  8792 | D:8      | Noticed a cyclops
  8897 | D:8      | Noticed a deep elf pyromancer
  8900 | D:8      | Noticed a deep elf pyromancer
  8909 | D:8      | Slain by a cyclops

Illustrated notes

Levels and vault maps discovered:
D:1:      dpeg_arrival_caged_fury, layout_basic
D:2:      minmay_razor_zed, layout_loops_cross, basic_altar, uniq_terence
D:3:      minmay_inner_zag, layout_loops_ring, minmay_starry_boxes, uniq_robin
D:4:      layout_loops_ring, lemuel_coloured_pillars_altar, minmay_manual_maat,
          uniq_ijyb
D:5:      layout_basic, grunt_temple_overflow_cloverleaf, grunt_tough_drop
D:6:      layout_basic, lemuel_round_altar, st_stairs_1
D:7:      minmay_chambers_of_fours, layout_basic,
          mainiacjoe_overflow_surrounded_room,
          mainiacjoe_overflow_concentric_impassable, temple_fountains,
          nicolae_kite_square_tiling_tiny
D:8:      minmay_blocky_corners, layout_loops_ring, uniq_psyche, uniq_pikel

Skill      XL: |  1  2  3  4  5  6  7  8  9 10 |
---------------+-------------------------------+-----
Spellcasting   | 5 6 7 |  7.8
Invocations    | 1 2 3 4 5 6 |  6.4
Short Blades   | 1 2 3 5 |  5.8
Long Blades    | 1 2 3 5 |  5.8
Axes           | 1 2 3 5 |  5.8
Polearms       | 1 2 3 5 |  5.8
Staves         | 1 2 3 5 |  5.8
Ranged Weapons | 1 2 3 5 |  5.8
Stealth        | 1 2 3 5 |  5.8
Shields        | 1 2 3 5 |  5.8
Unarmed Combat | 1 2 3 5 |  5.8
Evocations     | 1 2 3 5 |  5.8
Conjurations   | 1 2 3 4 |  4.8
Hexes          | 1 2 3 4 |  4.8
Summonings     | 1 2 3 4 |  4.8
Necromancy     | 1 2 3 4 |  4.8
Transmutations | 1 2 3 4 |  4.8
Fire Magic     | 1 2 3 4 |  4.8
Ice Magic      | 1 2 3 4 |  4.8
Air Magic      | 1 2 3 4 |  4.8
Earth Magic    | 1 2 3 4 |  4.8
Poison Magic   | 1 2 3 4 |  4.8
Throwing       | 3 4 5 6 |  6.4
Armour         | 3 4 5 6 |  6.4
Fighting       | 5 6 7 |  7.5
Maces & Flails | 5 6 7 |  7.5
Dodging        | 5 6 8 9 |  9.2
Translocations | 6 7 |  7.4

Action                     |  1- 3 |  4- 6 |  7- 9 | 10-12 || total
---------------------------+-------+-------+-------+-------++-------
  Melee: Mace              |   132 |    39 |       |       ||   171
         Bite              |    14 |    11 |    37 |    18 ||    80
         Punch             |     2 |     4 |     7 |     3 ||    16
         Dagger            |       |    97 |   387 |    86 ||   570
         Rapier            |       |       |       |    60 ||    60
  Throw: Dart              |       |       |     7 |       ||     7
         Boomerang         |       |       |     5 |    11 ||    16
         Throwing net      |       |       |     1 |       ||     1
   Cast: Sandblast         |       |     9 |     5 |     1 ||    15
         Stone Arrow       |       |     9 |    40 |     5 ||    54
         Blink             |       |     5 |     6 |     1 ||    12
         Manifold Assault  |       |       |     7 |       ||     7
         Vampiric Draining |       |       |    19 |    19 ||    38
         Volatile Blastmot |       |       |       |     1 ||     1
  Evoke: Wand              |       |       |     8 |       ||     8
    Use: Scroll            |       |     5 |     2 |     1 ||     8
         Potion            |       |     1 |       |       ||     1
   Stab: Sleeping          |     1 |       |     1 |     1 ||     3
 Armour: Leather armour    |    35 |    24 |     4 |    32 ||    95
         Ring mail         |       |     4 |   120 |       ||   124
  Dodge: Dodged            |    92 |    82 |   237 |   119 ||   530

Table legend: (Time is in decaauts)
 A = Elapsed time spent in this place.
 B = Non-inter-level travel time spent in this place.
 C = Inter-level travel time spent in this place.
 D = Time resting spent in this place.
 E = Time spent auto-exploring this place.
 F = Levels seen in this place.
 G = Mean time per level.
                   A        B        C        D        E       F      G
               +--------+--------+--------+--------+--------+-----+--------+
         Total |   9915 |   9626 |    289 |    835 |   6767 |   8 | 1239.4 |
       Dungeon |   9915 |   9626 |    289 |    835 |   6767 |   8 | 1239.4 |
               +--------+--------+--------+--------+--------+-----+--------+

Top non-repeatable levels by time:
     D:7: 1837 daAuts
     D:5: 1483 daAuts
     D:6: 1429 daAuts
     D:8: 1187 daAuts
     D:4: 1078 daAuts
     D:2: 1039 daAuts
     D:3: 995 daAuts
     D:1: 864 daAuts
